 Dungeon Crawl Stone Soup version 0.23.2-40-g277498a001 (webtiles) character file.

Game seed: 7565811911483726595

400 Descartes the Covered (level 7, -1/51 HPs)
             Began as a Formicid Wanderer on Aug 27, 2019.
             Was a Follower of Dithmenos.
             Slain by an orc priest
             ... wielding a +0 morningstar
              (8 damage)
             ... on level 4 of the Dungeon.
             The game lasted 00:12:22 (4001 turns).

Descartes the Covered (Formicid Wanderer)           Turns: 4001, Time: 00:12:22

Health: -1/51      AC:  5    Str: 18    XL:     7   Next: 10%
Magic:  0/10       EV: 11    Int: 13    God:    Dithmenos [*.....]
Gold:   94         SH:  6    Dex:  9    Spells: 6/10 levels left

rFire    + . .     SeeInvis +   l - +2 dagger (vamp)
rCold    . . .     Gourm    .   g - +2 buckler
rNeg     . . .     Faith    .   D - +1 leather armour {rF+}
rPois    .         Spirit   +   (helmet unavailable)
rElec    .         Reflect  .   t - +0 cloak
rCorr    .         Harm     .   (no gloves)
MR       .....                  (no boots)
Stlth    ++........             q - amulet of guardian spirit
HPRegen  0.17/turn              y - ring of teleportation (curse)
MPRegen  0.12/turn              (no ring)

@: wreathed by umbra
A: permanent stasis, dig shafts and tunnels, four strong arms, antennae 3
a: Dig, Shaft Self, Renounce Religion


You were on level 4 of the Dungeon.
You worshipped Dithmenos.
Dithmenos was aware of your devotion.
You were very hungry.

You visited 1 branch of the dungeon, and saw 4 of its levels.

You collected 94 gold pieces.

Inventory:

Hand Weapons
 d - a +0 dagger of holy wrath
 l - a +2 vampiric dagger (weapon)
 o - a +3 quarterstaff of chaos
 s - a +0 long sword of freezing
 v - a +0 mace of crushing
 B - a +0 blowgun
 C - a +0 hunting sling
Missiles
 b - 45 poisoned needles
 i - 200 stones (quivered)
Armour
 g - a +2 buckler (worn)
 t - a +0 cloak (worn)
 D - a +1 leather armour of fire resistance (worn)
Jewellery
 q - an amulet of guardian spirit (around neck)
 y - a cursed ring of teleportation (left hand)
Wands
 c - a wand of random effects (30)
Scrolls
 a - 3 scrolls of enchant armour {unknown}
 e - a scroll of remove curse
 h - a scroll of immolation {unknown}
 j - a scroll of enchant weapon {unknown}
 k - a scroll of teleportation {unknown}
 n - 2 scrolls of magic mapping {unknown}
 u - 3 scrolls of identify
 w - a scroll of noise {unknown}
 x - 2 scrolls of fear
Potions
 m - 2 potions of lignification
 p - a potion of heal wounds
 r - a potion of haste
 z - a potion of curing {unknown}
Comestibles
 f - 6 rations


   Skills:
 + Level 2.4 Fighting
 + Level 1.1 Short Blades
 + Level 5.2 Armour
 + Level 1.6 Dodging
 + Level 2.8 Stealth
 - Level 2.4 Shields
 * Level 2.1 Spellcasting
 + Level 1.0 Charms
 + Level 3.6 Necromancy
 + Level 1.3 Invocations
 + Level 2.4 Evocations


You had 6 spell levels left.
You knew the following spells:

 Your Spells              Type           Power        Failure   Level  Hunger
a - Pain                  Necr           ##..         7%          1    ##.....
b - Regeneration          Chrm/Necr      #.........   34%         3    ####...

Your spell library contained the following spells:

 Spells                   Type           Power        Failure   Level  Hunger
 Animate Skeleton         Necr           N/A          7%          1    ##.....
 Vampiric Draining        Necr           ##........   21%         3    ####...
 Animate Dead             Necr           N/A          54%         4    #####..


Dungeon Overview and Level Annotations

Branches:
Dungeon (4/15)
 Temple: D:4-7

Altars:
Cheibriados
Dithmenos
Nemelex Xobeh
Okawaru
Ru

Annotations:
D:1 Terence


Innate Abilities, Weirdness & Mutations

You cannot be hasted, slowed, berserked, paralysed or teleported.
You can dig through walls and to a lower floor.
Your four strong arms can wield two-handed weapons with a shield.
You have a pair of large antennae on your head. (SInv)


Message History

You hit the orc.
You feel better.
You kill the orc!
Dithmenos accepts your kill.
You barely miss the orc priest. The orc priest barely misses you.
You closely miss the orc priest.
The orc priest hits you with a +0 morningstar!
* * * LOW HITPOINT WARNING * * *
You hit the orc priest but do no damage.
You hit the orc priest but do no damage.
The orc priest closely misses you.
You hit the orc priest but do no damage.
You block the orc priest's attack.
You closely miss the orc priest.
The orc priest hits you with a +0 morningstar!
* * * LOW HITPOINT WARNING * * *
You hit the orc priest but do no damage.
You hit the orc priest.
The orc priest is lightly wounded.
The orc priest hits you with a +0 morningstar!
You die...

##............#
#####...........##
.......##......##
.......#########
.####..# ..# #..##
..# #...#
..####..###### ###
.##..........###@#
..#..........##o##
#............###{#
#............###.#
..####..##.####.##
###
##....#####.####
#####
###...........#
....#
##......o...#
....# #...$......#


You could see an orc priest.

Vanquished Creatures
  An ogre (D:4)
  Crazy Yiuf (D:2)
  An iguana (D:4)
  Ijyb (D:3)
  A worker ant (D:3)
  An orc wizard (D:3)
  A hound skeleton (D:4)
  Robin (D:4)
  5 adders
  3 oozes
  2 dart slugs
  2 leopard geckos
  7 orcs
  5 giant cockroaches
  21 goblins
  10 hobgoblins
  6 kobolds
  2 quokkas
  7 bats
  5 frilled lizards
  A quokka skeleton (D:4)
  7 rats
91 creatures vanquished.

Notes
Turn   | Place    | Note
-------+----------+-------------------------------------------
     0 | D:1      | Descartes the Formicid Wanderer began the quest for the
                  | Orb.
     0 | D:1      | Descartes set off with the following items: a +0 spear, a
                  | wand of random effects (15), a +0 robe, a ration; and the
                  | following spells available to memorise: Animate Skeleton,
                  | Pain, Vampiric Draining, Regeneration, Animate Dead
     0 | D:1      | Reached XP level 1. HP: 15/15 MP: 1/1
   168 | D:1      | Reached XP level 2. HP: 16/21 MP: 2/2
   386 | D:1      | Reached XP level 3. HP: 24/26 MP: 4/4
   936 | D:1      | Learned a level 1 spell: Pain
  1404 | D:2      | Noticed Terence
  1734 | D:2      | Reached skill level 1 in Shields
  1948 | D:2      | Reached XP level 4. HP: 32/32 MP: 5/5
  2083 | D:2      | Found a runed translucent door.
  2084 | D:2      | Noticed Crazy Yiuf
  2098 | D:2      | Killed Crazy Yiuf
  2098 | D:2      | Reached skill level 1 in Dodging
  2098 | D:2      | Reached skill level 1 in Spellcasting
  2192 | D:2      | Learned a level 3 spell: Regeneration
  2245 | D:2      | Found a shadowy altar of Dithmenos.
  2245 | D:2      | Found an iron altar of Okawaru.
  2248 | D:2      | Became a worshipper of Dithmenos the Shadowed
  2276 | D:2      | Reached XP level 5. HP: 38/38 MP: 6/6
  2491 | D:2      | Found a sacrificial altar of Ru.
  3063 | D:3      | Noticed Ijyb
  3092 | D:3      | Killed Ijyb
  3092 | D:3      | Reached XP level 6. HP: 38/44 MP: 5/8
  3324 | D:3      | Reached skill level 5 in Armour
  3472 | D:4      | Reached skill level 1 in Invocations
  3487 | D:4      | Noticed an ogre
  3504 | D:4      | Killed an ogre
  3504 | D:4      | Reached skill level 1 in Short Blades
  3519 | D:4      | Reached * piety under Dithmenos
  3576 | D:4      | Noticed Robin
  3636 | D:4      | Killed Robin
  3711 | D:4      | Reached XP level 7. HP: 51/51 MP: 10/10
  3851 | D:4      | Found a snail-covered altar of Cheibriados.
  3852 | D:4      | Found a sparkling altar of Nemelex Xobeh.
  3979 | D:4      | Reached skill level 1 in Charms
  4001 | D:4      | Slain by an orc priest

Skill      XL: |  1  2  3  4  5  6  7 |
---------------+----------------------+-----
Shields        | 1 2 |  2.4
Dodging        | 1 |  1.6
Stealth        | 2 |  2.8
Spellcasting   | 1 2 |  2.1
Evocations     | 2 |  2.4
Fighting       | 2 |  2.4
Armour         | 5 |  5.2
Invocations    | 1 |  1.3
Short Blades   | 1 |  1.1
Charms         | 1 |  1.0
Necromancy     | |  3.6

Action                   |  1- 3 |  4- 6 |  7- 9 || total
-------------------------+-------+-------+-------++-------
Melee: Spear             |   186 |       |       ||   186
       Dagger            |     1 |   314 |    76 ||   391
 Abil: Dig               |       |       |     2 ||     2
  Use: Scroll            |     3 |     2 |       ||     5
 Stab: Sleeping          |       |     1 |       ||     1
  Eat: Chunk             |     3 |     5 |       ||     8
       Ration            |     2 |       |       ||     2
Armor: Scale mail        |    36 |       |       ||    36
       Chain mail        |    55 |    76 |       ||   131
       Leather armour    |       |    30 |    11 ||    41
Dodge: Dodged            |    59 |   141 |    51 ||   251
Block: Buckler           |    17 |   114 |    26 ||   157
